 Dungeon Crawl Stone Soup version 0.29.1-15-g9cfb28693d (webtiles) character file.

Game seed: 7139930759532503996

14 Smoke131 the Firebug (level 2, 0/16 HPs)
             Began as a Deep Elf Fire Elementalist on Mar 1, 2023.
             Frozen to death by an endoplasm (5 damage)
             ... on level 1 of the Dungeon.
             The game lasted 00:01:26 (572 turns).

Smoke131 the Firebug (Deep Elf Fire Elementalist)    Turns: 572, Time: 00:01:27

Health: 0/16       AC:  2    Str:  5    XL:     2   Next: 27%
Magic:  3/8        EV: 13    Int: 19    God:
Gold:   68         SH:  0    Dex: 15    Spells: 6/7 levels left

rFire   . . .      SeeInvis .   i - +0 flail
rCold   . . .      Faith    .   (no shield)
rNeg    . . .      Spirit   .   a - +0 robe
rPois   .          Reflect  .   (no helmet)
rElec   .          Harm     .   (no cloak)
rCorr   .          Rampage  .   (no gloves)
Will    .....                   (no boots)
Stlth   ++........              (no amulet)
HPRegen 0.05/turn               (no ring)
MPRegen 0.11/turn               (no ring)

@: very slightly contaminated
A: no striking features
a: no special abilities


You were on level 1 of the Dungeon.
You visited 1 branch of the dungeon, and saw 1 of its levels.

You collected 68 gold pieces.

Inventory:

Hand Weapons
 i - a +0 flail (weapon)
Armour
 a - a +0 robe (worn)
Scrolls
 c - a scroll of butterflies {unknown}
 f - a scroll of silence {unknown}
Potions
 b - a potion of magic
 d - a potion of mutation {unknown}
 e - a potion of haste {unknown}
 g - a potion of attraction {unknown}
 h - a potion of curing {unknown}


   Skills:
 + Level 0.4 Fighting
 + Level 2.7 Dodging
 - Level 2.4 Stealth
 + Level 3.2 Spellcasting
 + Level 1.4 Conjurations
 + Level 3.4 Fire Magic


You had 6 spell levels left.
You knew the following spells:

 Your Spells              Type           Power      Damage    Failure   Level
a - Foxfire               Conj/Fire      48%        2x1d6     5%          1

Your spell library contained the following spells:

 Spells                   Type           Power      Damage    Failure   Level
 Scorch                   Fire           32%        2d7       5%          2
 Conjure Flame            Conj/Fire      12%        6-21      16%         3
 Inner Flame              Hex/Fire       9%         N/A       22%         3
 Flame Wave               Conj/Fire      12%        2d6       47%         4


Dungeon Overview and Level Annotations

Branches:
Dungeon (1/15)

Altars:


Message History

The endoplasm is moderately wounded.
Casting: Foxfire (safe; 5% risk of failure)
Confirm with . or Enter, or press ? or * to list all spells.
You conjure some foxfire!
The endoplasm barely misses you.
Casting: Foxfire (safe; 5% risk of failure)
Confirm with . or Enter, or press ? or * to list all spells.
There is not enough space to conjure foxfire!
Casting: Foxfire (safe; 5% risk of failure)
Confirm with . or Enter, or press ? or * to list all spells.
There is not enough space to conjure foxfire!
Casting: Foxfire (safe; 5% risk of failure)
Confirm with . or Enter, or press ? or * to list all spells.
There is not enough space to conjure foxfire!
Casting: Foxfire (safe; 5% risk of failure)
Confirm with . or Enter, or press ? or * to list all spells.
You don't know that spell.
You hit the endoplasm but do no damage.
The endoplasm is moderately wounded.
The foxfire hits the goblin.
The goblin is severely wounded.
The foxfire hits the endoplasm.
The endoplasm is severely wounded.
The endoplasm hits you but does no damage.
Casting: Foxfire (safe; 5% risk of failure)
Confirm with . or Enter, or press ? or * to list all spells.
You conjure some foxfire!
The endoplasm freezes you.
You are frozen.
The goblin hits you with a +0 dagger.
You hit the endoplasm but do no damage.
The endoplasm is severely wounded.
The foxfire hits the goblin.
You kill the goblin!
The endoplasm misses you.
The endoplasm hits you but does no damage.
Casting: Foxfire (safe; 5% risk of failure)
Confirm with . or Enter, or press ? or * to list all spells.
You conjure some foxfire!
The endoplasm freezes you.
You are frozen.
You die...

#.# #..#
#.# #.##
#.#
#####.##
#.#
###.....##
#.#
#...#####.
#.# ##.###
#.
#)######..#
#.
#Jv......##
##
#@v#######
####


You could see an endoplasm (ally target).

Vanquished Creatures
  A dart slug (D:1)
  A ball python (D:1)
  2 endoplasms (D:1)
  2 giant cockroaches (D:1)
  A bat (D:1)
  A frilled lizard (D:1)
  2 goblins (D:1)
  A kobold (D:1)
11 creatures vanquished.

Vanquished Creatures (others)
  51 foxfires (D:1)
51 creatures vanquished.

Grand Total: 62 creatures vanquished

Notes
Turn   | Place    | Note
-------+----------+-------------------------------------------
     0 | D:1      | Smoke131 the Deep Elf Fire Elementalist began the quest for
                  | the Orb.
     0 | D:1      | Reached XP level 1. HP: 10/10 MP: 6/6
   269 | D:1      | Reached XP level 2. HP: 16/16 MP: 1/8
   572 | D:1      | Frozen to death by an endoplasm

Illustrated notes

Levels and vault maps discovered:
D:1:      minmay_arrival_solitary_statue, layout_rooms

Action                   || total
-------------------------++-------
Melee: Unarmed           ||     5
       Punch             ||     1
       Flail             ||     2
 Cast: Foxfire           ||    32
Armor: Robe              ||    11
Dodge: Dodged            ||    20
